 Dungeon Crawl Stone Soup version 0.23-a0-391-g8c51ad5 (webtiles) character file.

521005 Dawnplanks the Conqueror (level 25, -3/256 (257) HPs)
             Began as a Hill Orc Berserker on Oct 30, 2018.
             Was a High Priest of Trog.
             Splashed by an acid blob's acid (7 damage)
             ... created by the Royal Jelly
             ... on level 4 of the Pits of Slime.
             The game lasted 04:53:05 (64841 turns).

Dawnplanks the Conqueror (Hill Orc Berserker)      Turns: 64841, Time: 04:53:06

HP:   -3/256 (257)  AC: 20    Str: 33    XL:     25   Next: 88%
MP:   23/23         EV: 20    Int:  5    God:    Trog [*****.]
Gold: 3730          SH: 11    Dex: 20    Spells: 24/24 levels left

rFire    . . .     SeeInvis .   I - +9 hand axe "Tuja" {chop, rN+ Str+3}
rCold    . . .     Gourm    .   T - +3 warlock's mirror {reflect}
rNeg     + + .     Faith    .   j - +5 pearl dragon scales "Juevosuq" {rElec rN+ Regen+ Stlth-}
rPois    +         Spirit   .   h - +0 helmet
rElec    +         Reflect  +   L - +1 cloak {rPois}
rCorr    +         Harm     .   z - +0 pair of gloves
MR       +....                  t - +1 pair of boots {run}
Stlth    ..........             H - +2 amulet of reflection
HPRegen  0.92/turn              V - ring "Ifuef" {Str+3 Dex+3 Slay+5}
MPRegen  0.18/turn              A - ring of resist corrosion

@: corroded, berserk cooldown, very slightly contaminated, slowed, studying 2
skills, very slow
A: thin metallic scales 1, thin skeletal structure 1, dopey 1
}: 2/15 runes: decaying, serpentine
a: Berserk, Trog's Hand, Brothers in Arms, Renounce Religion


You were on level 4 of the Pits of Slime.
You worshipped Trog.
Trog was extremely pleased with you.
You were hungry.

You visited 10 branches of the dungeon, and saw 49 of its levels.
You visited the Abyss 2 times.
You also visited: Labyrinth, Sewer, Ossuary and Volcano.

You collected 5448 gold pieces.
You spent 1718 gold pieces at shops.

Inventory:

Hand Weapons
 l - the +8 Wrath of Trog {antimagic, *Rage}
   (You took it off a frost giant on level 5 of the Depths)

   It reduces the magical energy of the wielder, and disrupts the spells and
   magical abilities of those hit.
   Natural abilities and divine invocations are not affected.
   It may make you go berserk in combat.
 o - a +3 demon whip of slashing
 I - the +9 hand axe "Tuja" (weapon) {chop, rN+ Str+3}
   (You bought it in a shop on level 2 of the Orcish Mines)

   It inflicts extra damage upon your enemies.
   It affects your strength (+3).
   It protects you from negative energy.
 R - the +14 obsidian axe {chop, +Fly SInv *Curse}
   (Trog gifted it to you on level 1 of the Depths)

   It inflicts extra damage upon your enemies.
   It lets you see invisible.
   It lets you fly.
   It curses itself when equipped.
 S - the +9 hand axe of the Scorpion {holy, Stlth+}
   (Trog gifted it to you on level 14 of the Dungeon)

   It has been blessed by the Shining One to cause great damage to the undead
   and demons.
   It makes you more stealthy.
Armour
 h - a +0 helmet (worn)
 j - the +5 pearl dragon scales "Juevosuq" (worn) {rElec rN+ Regen+ Stlth-}
   (You took it off a deep elf blademaster on level 3 of the Elven Halls)

   It insulates you from electricity.
   It protects you from negative energy.
   It increases your rate of regeneration.
   It makes you less stealthy.
 k - the +0 plate armour "Qyul" {*Contam rCorr Int+7}
   (You acquired it on level 3 of the Vaults)

   It affects your intelligence (+7).
   It causes magical contamination when unequipped.
   It provides partial protection from all sources of acid and corrosion.
 t - a +1 pair of boots of running (worn)
 z - a +0 pair of gloves (worn)
 L - a +1 cloak of poison resistance (worn)
 T - the +3 warlock's mirror (worn) {reflect}
   (You bought it in a shop on level 2 of the Orcish Mines)
Jewellery
 s - an uncursed ring of positive energy
 v - the ring of Feijaon {+Blink rPois rF+ rN+ Int+4}
   (You found it on level 1 of the Elven Halls)

   [ring of positive energy]

   It affects your intelligence (+4).
   It protects you from fire.
   It protects you from poison.
   It protects you from negative energy.
   It lets you blink.
 x - an uncursed ring of protection from magic
 A - a ring of resist corrosion (right hand)
 B - an uncursed ring of protection from cold
 H - a +2 amulet of reflection (around neck)
 V - the ring "Ifuef" (left hand) {Str+3 Dex+3 Slay+5}
   (You found it in a labyrinth)

   [ring of strength]

   It affects your strength (+3).
   It affects your dexterity (+3).
   It affects your accuracy and damage with ranged weapons and melee attacks
   (+5).
Wands
 y - a wand of clouds (8)
 M - a wand of digging (10)
 O - a wand of iceblast (37)
 Z - a wand of paralysis (19)
Scrolls
 b - 12 scrolls of teleportation
 e - 9 scrolls of fog
 f - 9 scrolls of magic mapping
 g - 2 scrolls of holy word
 i - a scroll of identify
 m - 15 scrolls of enchant weapon
 p - 2 scrolls of summoning
 q - 24 scrolls of remove curse
 w - 10 scrolls of enchant armour
 G - 12 scrolls of fear
 N - 7 scrolls of immolation
 P - 8 scrolls of blinking
Potions
 n - 18 potions of curing
 u - 4 potions of might
 C - 3 potions of haste
 D - 4 potions of mutation
 E - 3 potions of invisibility
 K - 3 potions of cancellation
 Q - 5 potions of flight
 W - 5 potions of agility
 X - a potion of berserk rage
Books
 r - a manual of Summonings Trog disapproves of the use of such an item.
 F - a manual of Bows
Miscellaneous
 U - a phial of floods
 Y - a fan of gales (inert)
Comestibles
 c - 75 rations


   Skills:
 O Level 27 Fighting
 - Level 26.0 Axes
 O Level 27 Armour
 + Level 11.2 Dodging
 - Level 4.0 Shields


You had 24 spell levels left.
You didn't know any spells.
Your spell library contained the following spells:

 Spells                   Type           Power        Failure   Level  Hunger
 Apportation              Tloc           #.....       58%         1    ##.....
 Confusing Touch          Hex            #.....       58%         1    ##.....
 Flame Tongue             Conj/Fire      #....        58%         1    ##.....
 Freeze                   Ice            #...         58%         1    ##.....
 Magic Dart               Conj           #...         58%         1    ##.....
 Sandblast                Erth           #.....       58%         1    ##.....
 Sting                    Conj/Pois      #...         58%         1    ##.....
 Summon Butterflies       Summ           #.......     58%         1    ##.....
 Blink                    Tloc           N/A          75%         2    ###....
 Call Imp                 Summ           #.......     75%         2    ###....
 Corpse Rot               Necr           N/A          75%         2    ###....
 Ensorcelled Hibernation  Hex/Ice        #.....       75%         2    ###....
 Passwall                 Tmut/Erth      #.......     75%         2    ###....
 Poisonous Vapours        Pois/Air       #.....       75%         2    ###....
 Searing Ray              Conj           #.....       75%         2    ###....
 Shroud of Golubria       Chrm/Tloc      #.........   75%         2    ###....
 Slow                     Hex            #.......     75%         2    ###....
 Song of Slaying          Chrm           #.......     75%         2    ###....
 Sublimation of Blood     Necr           #.........   75%         2    ###....
 Throw Flame              Conj/Fire      #.....       75%         2    ###....
 Confuse                  Hex            #.......     92%         3    ####...
 Conjure Flame            Conj/Fire      #.......     92%         3    ####...
 Dazzling Spray           Conj/Hex       #.....       92%         3    ####...
 Gell's Gravitas          Tloc           #.........   92%         3    ####...
 Inner Flame              Hex/Fire       #.......     92%         3    ####...
 Lesser Beckoning         Tloc           #.........   92%         3    ####...
 Mephitic Cloud           Conj/Pois/Air  #.......     92%         3    ####...
 Ozocubu's Armour         Chrm/Ice       #.......     92%         3    ####...
 Portal Projectile        Hex/Tloc       #.....       92%         3    ####...
 Recall                   Summ/Tloc      N/A          92%         3    ####...
 Regeneration             Chrm/Necr      #.........   92%         3    ####...
 Spectral Weapon          Hex/Chrm       #.......     92%         3    ####...
 Stone Arrow              Conj/Erth      #.....       92%         3    ####...
 Tukima's Dance           Hex            #.......     92%         3    ####...
 Animate Dead             Necr           N/A          100%        4    #####..
 Cause Fear               Hex            #.........   100%        4    #####..
 Force Lance              Conj/Tloc      #.......     100%        4    #####..
 Fulminant Prism          Conj/Hex       #.........   100%        4    #####..
 Iskenderun's Mystic Bla  Conj           #.......     100%        4    #####..
 Leda's Liquefaction      Hex/Erth       #.........   100%        4    #####..
 Olgreb's Toxic Radiance  Pois           #.......     100%        4    #####..
 Petrify                  Tmut/Erth      #.......     100%        4    #####..
 Sticky Flame             Conj/Fire      #.......     100%        4    #####..
 Throw Icicle             Conj/Ice       #.......     100%        4    #####..
 Agony                    Necr           #.......     100%        5    ######.
 Alistair's Intoxication  Tmut/Pois      #.......     100%        5    ######.
 Aura of Abjuration       Summ           #.........   100%        5    ######.
 Bolt of Draining         Conj/Necr      #.........   100%        5    ######.
 Bolt of Magma            Conj/Fire/Erth #.........   100%        5    ######.
 Borgnjor's Vile Clutch   Necr/Erth      #.........   100%        5    ######.
 Dispel Undead            Necr           #.......     100%        5    ######.
 Excruciating Wounds      Chrm/Necr      #.........   100%        5    ######.
 Fireball                 Conj/Fire      #.........   100%        5    ######.
 Irradiate                Conj/Tmut      #.........   100%        5    ######.
 Lee's Rapid Deconstruct  Erth           #.........   100%        5    ######.
 Metabolic Englaciation   Hex/Ice        #.........   100%        5    ######.
 Silence                  Hex/Air        #.........   100%        5    ######.
 Summon Demon             Summ           #.........   100%        5    ######.
 Summon Forest            Summ/Tloc      #.........   100%        5    ######.
 Summon Mana Viper        Hex/Summ       #.......     100%        5    ######.
 Venom Bolt               Conj/Pois      #.........   100%        5    ######.
 Yara's Violent Unravell  Hex/Tmut       #.........   100%        5    ######.
 Bolt of Cold             Conj/Ice       #.........   100%        6    #######
 Darkness                 Hex            #.........   100%        6    #######
 Deflect Missiles         Chrm/Air       #.........   100%        6    #######
 Freezing Cloud           Conj/Ice/Air   #.........   100%        6    #######
 Hydra Form               Tmut           #.........   100%        6    #######
 Invisibility             Hex            #.......     100%        6    #######
 Iron Shot                Conj/Erth      #.........   100%        6    #######
 Shadow Creatures         Summ           N/A          100%        6    #######
 Statue Form              Tmut/Erth      #........    100%        6    #######
 Dragon Form              Tmut           #.........   100%        7    #######
 Ring of Flames           Chrm/Fire      #.........   100%        7    #######
 Discord                  Hex            #.........   100%        8    #######
 Shatter                  Erth           #.........   100%        9    #######


Dungeon Overview and Level Annotations

Branches:
Dungeon (15/15)            Temple (1/1) D:4            Lair (6/6) D:10
  Swamp (4/4) Lair:2        Snake (4/4) Lair:2        Slime (5/5) Lair:5
    Orc (2/2) D:12            Elf (3/3) Orc:2        Vaults (4/5) D:14
  Crypt (0/3) Vaults:2     Depths (5/5) D:15            Zot (0/5) Depths:5

Altars:
Cheibriados
Fedhas
Gozag
Hepliaklqana
Kikubaaqudgha
Makhleb
Nemelex Xobeh
Trog
Uskayaw
Vehumet
Wu Jian
Xom
Yredelemnul
The Shining One
Beogh
Jiyva

Shops:
D:4 =?   Orc:1 *   Orc:2 ([[(   Elf:2 !   Snake:1 (   Snake:2 (   Vaults:4 }
Depths:4 %![*

Portals:
Hell: Depths:1 Depths:2 Depths:3 Depths:4 Depths:5
Abyss: Depths:3 Depths:4 Depths:5
Pandemonium: Depths:1 Depths:2 Depths:3
Ziggurat: Depths:3
Trove: Depths:5 (give 6 potions of haste)

Annotations:
Depths:2 6 runed doors


Innate Abilities, Weirdness & Mutations

You are partially covered in thin metallic scales. (AC +2)
You have a somewhat thin skeletal structure. (Dex +2, Stealth)
You are dopey. (Int -2)


Message History

* * * LOW HITPOINT WARNING * * *
You are splashed with acid!
The acid burns!
You resist.
* * * LOW HITPOINT WARNING * * *
The acid blob spits acid at you. The splash of acid misses you.
The acid blob spits acid at you. The splash of acid hits you!
You are splashed with acid!
The acid burns!
You resist.
* * * LOW HITPOINT WARNING * * *
A fierce wind blows from the fan.
The acid blobs are blown away by the wind.
Blink to where?
Press: ? - help, Dir - move target cursor You are very lightly contaminated with residual magic.
As you read the scroll of blinking, it crumbles to dust.
The acid blob spits acid at you. The splash of acid hits you! You resist.
* * * LOW HITPOINT WARNING * * *
The acid corrodes you!
You are splashed with acid!
The acid burns!
You resist.
You die...

##.#.#...........#
#.........#.....##
#........#.......##
##.#.........J....#
##................##
##.............ยง...#
#....#.......<.....#
##.##........J.....#
#...#.....@.......##
.. #.............##
##.#.......##.##
###...........#
##.#.....#.##
#.##....###
...##.....##
...###......##
##.###.#......#


You could see 2 acid blobs.

Vanquished Creatures
  the Royal Jelly (Slime:5)
  Sojobo (Depths:3)
  Saint Roka (Depths:4)
  10 caustic shrikes (Depths:5)
  3 golden dragons
  Jory (Depths:3)
  A bone dragon (Abyss:2)
  Nikola (Swamp:2)
  4 liches
  2 titans (Depths:4)
  2 deep elf master archers (Elf:3)
  3 deep elf blademasters
  2 thorn hunters
  4 acid blobs (Slime:5)
  4 sphinxes
  A shadow dragon (Depths:3)
  6 tengu reavers
  2 storm dragons
  3 azure jellies
  9 nagarajas (Snake:4)
  Roxanne (Elf:3)
  8 deep elf sorcerers
  4 fire giants
  Louise (D:15)
  4 vault wardens
  8 frost giants
  2 orc warlords (Depths:4)
  3 deep elf elementalists
  A draconian stormcaller (Depths:5)
  A reaper (Depths:1)
  A war gargoyle (Vaults:4)
  31 very ugly things
  A spriggan defender (Depths:3)
  12 ironheart preservers
  A vampire knight (Depths:2)
  An entropy weaver (Vaults:4)
  7 deep elf demonologists
  18 stone giants
  10 spark wasps
  A minotaur (Lab)
  2 purple draconians (Depths:5)
  A yellow draconian (Depths:5)
  7 deep elf annihilators
  10 fire dragons
  17 ettins
  5 deep elf death magi
  3 death oozes
  3 deep elf high priests (Elf:3)
  8 vault guards
  11 great orbs of eyes
  13 yaktaur captains
  A monstrous demonspawn (Depths:1)
  9 rakshasas
  22 hydras
  9 ice dragons
  2 shambling mangroves (Swamp:2)
  5 spriggan air magi
  15 naga warriors
  2 catoblepae
  3 ghost crabs
  7 centaur warriors
  4 death knights
  The ghost of Cryolive the Geomancer, a journeyman GrEE of Vehumet (D:11)
  12 anacondas
  18 dancing weapons
  32 two-headed ogres
  11 alligators
  6 deep troll shamans
  3 orc high priests
  12 ogre magi
  7 deep troll earth magi
  6 vampire magi
  A hell hog (Depths:4)
  6 tengu warriors
  A sun demon (Depths:1)
  3 thrashing horrors (Abyss:2)
  7 shock serpents
  13 naga sharpshooters
  5 spriggan berserkers
  3 spriggans
  20 deep elf knights
  Sonja (Lair:6)
  A shadow wraith (Abyss:2)
  A titan skeleton (Depths:3)
  10 hell knights
  3 wretched stars (Abyss:2)
  7 skeletal warriors
  3 salamander mystics
  3 iron trolls
  2 spriggan druids
  20 deep trolls
  4 flayed ghosts
  5 unseen horrors
  3 glowing orange brains
  An orange crystal statue (Lair:2)
  A golden dragon zombie (Depths:3)
  8 naga ritualists
  7 swamp dragons
  13 deep elf archers
  6 wizards
  9 harpies
  Pikel (D:7)
  6 orc knights
  7 necromancers
  10 mana vipers
  A phantasmal warrior (Vaults:1)
  63 deep elf magi
  11 ironbrand convokers
  6 manticores
  5 orc sorcerers
  A tengu skeleton (Vaults:3)
  14 salamanders
  A faun (shapeshifter) (Vaults:3)
  A stone giant zombie (Depths:3)
  3 wolf spiders
  7 cyclopes
  79 ugly things
  A worldbinder (Abyss:3)
  36 black mambas
  23 elephants
  9 vault sentinels
  2 fire giant skeletons
  4 orange demons
  3 black mambas (shapeshifter)
  An ice statue (D:13)
  20 naga magi
  2 smoke demons (Abyss:2)
  5 centaur skeletons
  2 gargoyles
  22 spiny frogs
  15 guardian serpents
  2 elf zombies (Depths:3)
  A komodo dragon (shapeshifter) (Depths:1)
  A rime drake (shapeshifter) (Depths:2)
  An eye of devastation (Slime:2)
  48 yaktaurs
  5 freezing wraiths
  An elf skeleton (Depths:3)
  5 kobold demonologists
  3 tengu conjurers
  A yaktaur zombie (Vaults:3)
  4 rime drakes
  2 efreet
  2 ice devils
  2 demonic crawlers (Abyss:2)
  A redback zombie (D:14)
  5 komodo dragons
  2 elves (Depths:4)
  3 ancient zymes
  10 trolls
  A jumping spider (shapeshifter) (Depths:3)
  2 meliai (D:13)
  8 hornets
  18 tyrant leeches
  A wind drake (shapeshifter) (Depths:3)
  A meliai (shapeshifter) (D:15)
  A jumping spider (Vaults:4)
  4 polar bears
  2 wolf spider simulacra
  16 blink frogs
  2 hippogriffs (shapeshifter)
  2 raiju (shapeshifter)
  3 raiju (Abyss:2)
  8 bog bodies
  12 hippogriffs
  63 slime creatures
  2 frost giant simulacra
  10 dream sheep
  A flying skull (Vaults:2)
  3 air elementals
  2 spriggans (shapeshifter)
  5 vampires
  A shadow (D:15)
  33 yaks
  3 redbacks (Vaults:4)
  A shapeshifter (Vaults:2)
  2 wraiths
  3 small abominations
  5 water elementals
  2 wyverns (D:10)
  A fire elemental (Elf:1)
  4 hogs (D:9)
  2 humans
  9 fire bats
  3 basilisks
  3 hungry ghosts
  2 neqoxecs
  A golden eye (shapeshifter) (Depths:2)
  12 insubstantial wisps
  A chaos spawn (Depths:1)
  17 vampire mosquitoes
  2 swamp worms (shapeshifter)
  9 large abominations
  52 nagas
  10 swamp worms
  5 wargs
  3 acid dragons (Vaults:1)
  A soldier ant (shapeshifter) (Depths:1)
  An acid dragon (shapeshifter) (Vaults:3)
  10 water moccasins
  5 hell hounds (Depths:4)
  5 porcupines
  15 swamp drakes
  3 sky beasts
  5 slaves
  47 orc warriors
  10 ice beasts
  4 phantoms
  29 ogres
  15 boggarts
  15 wolves
  8 crocodiles
  14 centaurs
  A bullfrog (shapeshifter) (Depths:2)
  A gnoll sergeant (Orc:1)
  11 big kobolds
  25 bullfrogs
  4 earth elementals
  A human skeleton (Vaults:3)
  A spiny frog simulacrum (Abyss:3)
  A wyvern skeleton (D:12)
  A water moccasin zombie (D:11)
  12 scorpions
  21 killer bees
  4 wights (D:7)
  2 howler monkeys
  2 electric eels
  6 crimson imps
  3 quasits
  8 lava snakes
  A bullfrog zombie (D:7)
  2 human simulacra
  5 centaur zombies
  8 hounds
  30 orc priests
  6 jellies
  Crazy Yiuf (D:7)
  An iron imp (Abyss:2)
  2 bullfrog skeletons
  25 orc wizards
  An iguana (D:11)
  12 worker ants
  2 killer bee zombies
  2 spectral hounds (Depths:4)
  3 mummies (Ossuary)
  3 worker ant zombies
  3 gnolls (Orc:1)
  5 river rats (Sewer)
  10 adders
  6 shadow imps
  7 white imps
  2 ufetubi
  10 oozes
  An adder skeleton (D:6)
  3 dart slugs
  9 worms
  7 leopard geckos
  104 orcs
  3 ball pythons (Sewer)
  10 bats
  2 giant cockroaches
  5 gnoll zombies (Ossuary)
  9 goblins
  12 hobgoblins
  7 jackals
  32 kobolds
  5 quokkas
  2 frilled lizards
  3 gnoll skeletons (Ossuary)
  A goblin skeleton (Ossuary)
  2 goblin zombies (Ossuary)
  2 hobgoblin skeletons (Ossuary)
  4 hobgoblin zombies (Ossuary)
  A jackal skeleton (D:3)
  3 kobold skeletons (Ossuary)
  6 kobold zombies
  A leopard gecko zombie (D:6)
  2 orc skeletons (Ossuary)
  An orc zombie (Ossuary)
  2 quokka skeletons (D:6)
  7 rats
  4 rat skeletons (Ossuary)
  3 rat zombies (Ossuary)
  A briar patch (Swamp:2)
  4 fungi
  5 plants
2125 creatures vanquished.

Vanquished Creatures (collateral kills)
  A frost giant (Depths:1)
  2 orc warlords
  A green draconian (Depths:5)
  A red draconian (Volcano)
  An ettin (Depths:4)
  A fire dragon (Depths:1)
  A death ooze (Slime:5)
  Harold (D:7)
  5 hydras
  2 great orbs of eyes (Slime:5)
  A dancing weapon (Elf:2)
  An orc high priest (Orc:2)
  Urug (Orc:2)
  A deep elf knight (Elf:2)
  A naga ritualist (Snake:4)
  A glowing orange brain (Depths:1)
  2 deep elf magi (Elf:2)
  A spriggan (shapeshifter) (Depths:1)
  A naga (Snake:4)
  2 wargs
  A porcupine (Lair:3)
  4 orc warriors (Orc:2)
  An orc priest (Orc:2)
  2 orc wizards (Orc:2)
  10 orcs
46 creatures vanquished.

Vanquished Creatures (others)
  A fire giant (Depths:4)
  An ogre mage (Vaults:3)
  A hell hog (Depths:4)
  A spriggan berserker (Swamp:4)
  A naga sharpshooter (Snake:3)
  A deep elf knight (Elf:3)
  A deep elf archer (Elf:1)
  2 yaktaurs
  A meliai (D:14)
  A hornet (Swamp:1)
  Menkaure (Ossuary)
  A naga (Snake:4)
  A centaur (Vaults:2)
  A bullfrog (D:13)
  An orc (Depths:4)
  A gnoll zombie (Ossuary)
  3 goblin skeletons (Ossuary)
  2 goblin zombies (Ossuary)
  2 kobold skeletons (Ossuary)
  2 orc skeletons (Ossuary)
  An orc zombie (Ossuary)
  3 rat skeletons (Ossuary)
  A rat zombie (Ossuary)
  A briar patch (Swamp:2)
  14 fungi
  34 plants (Lair:6)
80 creatures vanquished.

Grand Total: 2251 creatures vanquished

Notes
Turn   | Place    | Note
-------+----------+-------------------------------------------
     0 | D:1      | Dawnplanks the Hill Orc Berserker began the quest for the
                  | Orb.
     0 | D:1      | Reached XP level 1. HP: 19/19 MP: 1/1
     2 | D:1      | Noticed a merfolk
     3 | D:1      | Noticed a tengu
     5 | D:1      | Noticed a gargoyle
     5 | D:1      | Noticed a vine stalker
     7 | D:1      | Noticed a demonspawn
     9 | D:1      | Noticed a formicid
    11 | D:1      | Noticed a demigod
    11 | D:1      | Noticed a halfling
    13 | D:1      | Noticed an elf
    13 | D:1      | Noticed a ghoul
    15 | D:1      | Noticed a human
    15 | D:1      | Noticed a draconian
    17 | D:1      | Noticed an ogre
    19 | D:1      | Noticed a centaur
    19 | D:1      | Noticed a naga
    21 | D:1      | Noticed a minotaur
    23 | D:1      | Noticed a spriggan
    23 | D:1      | Noticed an octopode
    25 | D:1      | Noticed a vampire
    25 | D:1      | Noticed a dwarf
    27 | D:1      | Noticed a troll
    27 | D:1      | Noticed a felid
   183 | D:1      | Reached XP level 2. HP: 17/27 MP: 2/2
   545 | D:1      | Reached XP level 3. HP: 29/33 MP: 3/3
  1416 | D:2      | Reached skill level 5 in Axes
  1457 | D:2      | Reached XP level 4. HP: 19/41 MP: 4/4
  1717 | D:2      | Reached ** piety under Trog
  2150 | D:2      | Found a sparkling altar of Nemelex Xobeh.
  2152 | D:2      | Found a basalt altar of Yredelemnul.
  2272 | D:2      | Found an opulent altar of Gozag.
  2336 | D:2      | Found a hide-covered altar of Uskayaw.
  2893 | D:3      | Reached XP level 5. HP: 45/47 MP: 5/5
  2909 | D:3      | Found a runed door.
  2909 | D:3      | Noticed a human
  2914 | D:3      | Found a basalt altar of Yredelemnul.
  3547 | D:4      | Reached XP level 6. HP: 55/55 MP: 6/6
  3713 | D:4      | Found a staircase to the Ecumenical Temple.
  3769 | D:4      | Found Doxzeyl's Magic Scroll Boutique.
  3824 | D:4      | Found a glowing drain.
  3844 | Sewer    | Entered a sewer
  4038 | Sewer    | Reached *** piety under Trog
  4224 | Sewer    | Reached skill level 5 in Fighting
  4622 | Sewer    | Reached XP level 7. HP: 46/61 MP: 7/7
  5217 | D:4      | Found Fuzim's Jewellery Shoppe.
  5285 | Temple   | Entered the Ecumenical Temple
  5429 | D:4      | Bought a scroll of identify for 22 gold pieces
  5429 | D:4      | Bought a scroll of identify for 22 gold pieces
  5429 | D:4      | Bought a scroll of identify for 22 gold pieces
  5429 | D:4      | Bought a scroll of identify for 22 gold pieces
  5429 | D:4      | Bought a scroll of identify for 22 gold pieces
  5573 | D:5      | Entered Level 5 of the Dungeon
  5728 | D:5      | Reached XP level 8. HP: 70/70 MP: 8/8
  6825 | D:6      | Found a sand-covered staircase.
  6834 | Ossuary  | Entered an ossuary
  7047 | Ossuary  | Reached **** piety under Trog
  7236 | Ossuary  | Reached skill level 10 in Axes
  7252 | Ossuary  | Killed Menkaure
  7943 | D:6      | Reached skill level 5 in Armour
  8327 | D:6      | Found a radiant altar of Vehumet.
  8774 | D:7      | Got a twisted war axe
  8775 | D:7      | Identified the +6 war axe "Isiesk" {chop, *Drain rPois
                  | Int+6} (You found it on level 7 of the Dungeon)
  8912 | D:7      | Reached XP level 9. HP: 71/79 MP: 9/9
  9043 | D:7      | Noticed Pikel
  9066 | D:7      | Killed Pikel
  9184 | D:7      | Found a runed door.
  9189 | D:7      | Noticed Crazy Yiuf
  9191 | D:7      | Killed Crazy Yiuf
  9443 | D:7      | Noticed Harold
  9453 | D:7      | Killed Harold
  9739 | D:8      | Reached XP level 10. HP: 87/89 MP: 10/10
 10077 | D:8      | Found a glowing golden altar of the Shining One.
 10387 | D:9      | Reached ***** piety under Trog
 11034 | D:9      | Reached XP level 11. HP: 97/97 MP: 11/11
 11091 | D:9      | Found a blossoming altar of Fedhas.
 11249 | D:9      | Reached skill level 15 in Axes
 11366 | D:10     | Entered Level 10 of the Dungeon
 11371 | D:10     | Received a gift from Trog
 11485 | D:10     | Noticed a two-headed ogre
 11495 | D:10     | Killed a two-headed ogre
 11747 | D:10     | Found a staircase to the Lair.
 11801 | D:10     | Found a snail-covered altar of Cheibriados.
 11949 | Lair:1   | Entered Level 1 of the Lair of Beasts
 12068 | Lair:1   | Reached skill level 10 in Fighting
 12730 | Lair:2   | Found a staircase to the Snake Pit.
 12944 | Lair:2   | Found a staircase to the Swamp.
 13029 | Lair:2   | Reached XP level 12. HP: 95/110 MP: 12/12
 13241 | Lair:2   | Reached skill level 10 in Armour
 13675 | Lair:2   | Noticed a seven-headed hydra
 13682 | Lair:2   | Killed an eight-headed hydra
 14175 | Lair:3   | Noticed a seven-headed hydra
 14175 | Lair:3   | Noticed a six-headed hydra
 14190 | Lair:3   | Killed an eight-headed hydra
 14194 | Lair:3   | Killed a ten-headed hydra
 15198 | Lair:4   | Found a dark tunnel.
 15222 | Volcano  | Entered a volcano
 15517 | Volcano  | Noticed a red draconian
 15546 | Volcano  | Killed a red draconian
 15547 | Volcano  | Noticed a centaur warrior
 15557 | Volcano  | Killed a centaur warrior
 15807 | Volcano  | Found a burning altar of Makhleb.
 15850 | Volcano  | Found the +2 pair of boots of the Assassin {Detection Stab+
                  | Stlth++}
 17099 | Lair:5   | Reached XP level 13. HP: 122/122 MP: 13/13
 17688 | Lair:5   | Found a viscous altar of Jiyva.
 17688 | Lair:5   | Found a staircase to the Slime Pits.
 18321 | Lair:6   | Entered Level 6 of the Lair of Beasts
 18327 | Lair:6   | Found a labyrinth entrance.
 18404 | Lab      | Entered a labyrinth
 20081 | Lab      | Identified the +1 fire dragon scales "Hugobur" {rF++ rC-
                  | rN+ Dex-3 SInv}
 20081 | Lab      | Noticed a minotaur
 20093 | Lab      | Killed a minotaur
 20110 | Lab      | Got a smoking silver ring
 20147 | Lab      | Identified the ring "Ifuef" {Str+3 Dex+3 Slay+5} (You found
                  | it in a labyrinth)
 20755 | Lair:6   | Noticed Sonja
 20767 | Lair:6   | Killed Sonja
 20767 | Lair:6   | Reached XP level 14. HP: 133/133 MP: 14/14
 20858 | Lair:6   | Reached skill level 1 in Shields
 20971 | Lair:6   | Reached skill level 15 in Fighting
 21649 | Lair:6   | Got a clouded platinum ring
 21651 | Lair:6   | Identified the ring "Idyixoe" {*Tele rN+ Stlth+} (You found
                  | it on level 6 of the Lair of Beasts)
 22023 | D:11     | Noticed Cryolive's ghost (journeyman GrEE)
 22023 | D:11     | Noticed a lich
 22024 | D:11     | Noticed a tengu reaver
 22174 | D:11     | Found a runed door.
 22182 | D:11     | Found a runed door.
 22691 | D:12     | Found a shimmering altar of Xom.
 22692 | D:12     | Found a shimmering altar of Xom.
 22693 | D:12     | Found a shimmering altar of Xom.
 22693 | D:12     | Found a shimmering altar of Xom.
 22693 | D:12     | Found a shimmering altar of Xom.
 22693 | D:12     | Found a shimmering altar of Xom.
 22909 | D:12     | Found a staircase to the Orcish Mines.
 23345 | D:13     | Reached ****** piety under Trog
 23558 | D:13     | Received a gift from Trog
 23720 | D:13     | Reached XP level 15. HP: 76/144 MP: 15/15
 23740 | D:14     | Gained mutation: You are partially covered in large bone
                  | plates. (SH +4) [potion of mutation]
 23740 | D:14     | Gained mutation: Scrolls take you a little longer to read.
                  | [potion of mutation]
 23740 | D:14     | Gained mutation: You occasionally shout uncontrollably at
                  | your foes. [potion of mutation]
 23740 | D:14     | Gained mutation: Your system is resistant to poisons.
                  | (rPois) [potion of mutation]
 23755 | D:13     | Lost mutation: Scrolls take you a little longer to read.
                  | [potion of mutation]
 23755 | D:13     | Lost mutation: You are partially covered in large bone
                  | plates. (SH +4) [potion of mutation]
 23755 | D:13     | Lost mutation: Your system is resistant to poisons. (rPois)
                  | [potion of mutation]
 23755 | D:13     | Gained mutation: Scrolls take you a little longer to read.
                  | [potion of mutation]
 23755 | D:13     | Gained mutation: You have a beak for a mouth. [potion of
                  | mutation]
 23756 | D:13     | Lost mutation: Scrolls take you a little longer to read.
                  | [potion of mutation]
 23756 | D:13     | Lost mutation: You occasionally shout uncontrollably at
                  | your foes. [potion of mutation]
 23756 | D:13     | Lost mutation: You have a beak for a mouth. [potion of
                  | mutation]
 23756 | D:13     | Gained mutation: You have sharp toenails. [potion of
                  | mutation]
 23756 | D:13     | Gained mutation: You are weak. (Str -2) [potion of
                  | mutation]
 23756 | D:13     | Gained mutation: You are covered in fur. (AC +1) [potion of
                  | mutation]
 23757 | D:13     | Lost mutation: You have sharp toenails. [potion of
                  | mutation]
 23757 | D:13     | Lost mutation: You are weak. (Str -2) [potion of mutation]
 23757 | D:13     | Gained mutation: Your body sometimes deteriorates upon
                  | taking damage. [potion of mutation]
 23757 | D:13     | Gained mutation: You passively map a small area around you.
                  | [potion of mutation]
 23758 | D:13     | Lost mutation: Your body sometimes deteriorates upon taking
                  | damage. [potion of mutation]
 23758 | D:13     | Gained mutation: You have a somewhat thin skeletal
                  | structure. (Dex +2, Stealth) [potion of mutation]
 23758 | D:13     | Gained mutation: You are partially covered in yellow
                  | scales. (AC +2) [potion of mutation]
 23758 | D:13     | Gained mutation: You are resistant to electric shocks.
                  | (rElec) [potion of mutation]
 24481 | Orc:1    | Entered Level 1 of the Orcish Mines
 24701 | Orc:1    | Found Urafiw's General Store.
 24850 | Orc:1    | Found a bloodstained altar of Trog.
 24901 | Orc:1    | Noticed an orc warlord
 24930 | Orc:1    | Received a gift from Trog
 24932 | Orc:1    | Killed an orc warlord
 24940 | Orc:1    | Got a twisted broad axe {god gift}
 24942 | Orc:1    | Identified the +1 broad axe of Ocad {drain, rC+ rN+ Str-4}
                  | (Trog gifted it to you on level 1 of the Orcish Mines)
 25006 | Orc:1    | Found a roughly hewn altar of Beogh.
 25111 | Orc:2    | Entered Level 2 of the Orcish Mines
 25270 | Orc:2    | Found a staircase to the Elven Halls.
 25363 | Orc:2    | Noticed Urug
 25374 | Orc:2    | Killed Urug
 25385 | Orc:2    | Noticed an orc warlord
 25399 | Orc:2    | Killed an orc warlord
 25688 | Orc:2    | Found a roughly hewn altar of Beogh.
 25688 | Orc:2    | Found Vemuemuf's Antique Weapon Shop.
 25714 | Orc:2    | Bought a warped hand axe for 184 gold pieces
 25714 | Orc:2    | Bought a twisted battleaxe for 264 gold pieces
 25718 | Orc:2    | Identified the +9 hand axe "Tuja" {chop, rN+ Str+3} (You
                  | bought it in a shop on level 2 of the Orcish Mines)
 25724 | Orc:2    | Identified the cursed +1 battleaxe of Ancient Evil {pain,
                  | *Slow rC+ rN+ Int+6} (You bought it in a shop on level 2 of
                  | the Orcish Mines)
 25789 | Orc:2    | Received a gift from Trog
 25962 | Orc:2    | Found Wehiru's Antique Weapon Shop.
 25963 | Orc:2    | Found a roughly hewn altar of Beogh.
 25964 | Orc:2    | Found Syestadith's Antique Armour Boutique.
 26066 | Orc:2    | Found a roughly hewn altar of Beogh.
 26073 | Orc:2    | Found a roughly hewn altar of Beogh.
 26075 | Orc:2    | Found Ireigu Bypyd's Antique Armour Shop.
 26198 | Elf:1    | Entered Level 1 of the Elven Halls
 26718 | D:14     | Found a gate to the Vaults.
 26739 | D:14     | Received a gift from Trog
 26739 | D:14     | Reached skill level 15 in Armour
 26743 | D:14     | Got an ivory hand axe {god gift}
 26744 | D:14     | Identified the +9 hand axe of the Scorpion {holy, Stlth+}
                  | (Trog gifted it to you on level 14 of the Dungeon)
 27246 | D:15     | Entered Level 15 of the Dungeon
 27316 | D:15     | Reached XP level 16. HP: 130/157 MP: 16/16
 27326 | D:15     | Identified the Tome of Doomed Ice
 27346 | D:15     | Noticed Louise
 27376 | D:15     | Killed Louise
 27608 | D:15     | Got a crystal morningstar
 27609 | D:15     | Identified the +4 morningstar of Conservatism {freeze, MR+
                  | Str-2 Int+3} (You found it on level 15 of the Dungeon)
 28342 | D:15     | Found a staircase to the Depths.
 28564 | Orc:2    | Bought the +3 warlock's mirror {reflect} for 1160 gold
                  | pieces
 28564 | Orc:2    | Found the +3 warlock's mirror {reflect}
 28763 | Swamp:1  | Entered Level 1 of the Swamp
 29425 | Swamp:1  | Got a bloodstained leather armour
 29426 | Swamp:1  | Identified the +3 leather armour of the Burgomaster
                  | {*Corrode rElec Stlth+} (You found it on level 1 of the
                  | Swamp)
 29467 | Swamp:1  | Got a shimmering scythe
 29468 | Swamp:1  | Identified the +10 scythe "Zyol" {elec, rN++ MR+ Dex+3}
                  | (You found it on level 1 of the Swamp)
 29546 | Swamp:2  | Noticed a thorn hunter
 29560 | Swamp:2  | Killed a thorn hunter
 29704 | Swamp:2  | Noticed Nikola
 29718 | Swamp:2  | Killed Nikola
 29718 | Swamp:2  | Received a gift from Trog
 31100 | Swamp:3  | Found an ornate altar of the Wu Jian Council.
 31398 | Swamp:3  | Reached XP level 17. HP: 168/168 MP: 17/17
 31523 | Swamp:4  | Entered Level 4 of the Swamp
 31616 | Swamp:4  | Received a gift from Trog
 31883 | Swamp:4  | Reached skill level 5 in Dodging
 32110 | Swamp:4  | Got a coiled bronze ring
 32111 | Swamp:4  | Identified the ring "Foyfen" {rElec rC+ rN+ MR-} (You found
                  | it on level 4 of the Swamp)
 33278 | Swamp:4  | Got a decaying rune of Zot
 33421 | Snake:1  | Entered Level 1 of the Snake Pit
 33431 | Snake:1  | Found Qimuahaawn's Weapon Shoppe.
 33716 | Snake:1  | Received a gift from Trog
 35430 | Snake:2  | Reached XP level 18. HP: 180/180 MP: 18/18
 35519 | Snake:2  | Found Gaunits's Antique Weapon Emporium.
 35738 | Snake:3  | Received a gift from Trog
 35975 | Snake:3  | Got a dazzling scale mail
 36670 | Snake:4  | Entered Level 4 of the Snake Pit
 37681 | Snake:4  | Identified the cursed +0 scale mail "Bacwiu" {rElec rC+}
                  | (You found it on level 3 of the Snake Pit)
 37869 | Snake:4  | Received a gift from Trog
 38711 | Snake:4  | Received a gift from Trog
 38739 | Snake:4  | Reached XP level 19. HP: 82/190 MP: 19/19
 39324 | Snake:4  | Got a serpentine rune of Zot
 39617 | Vaults:1 | Entered Level 1 of the Vaults
 40054 | Vaults:1 | Received a gift from Trog
 41163 | Vaults:2 | Found a staircase to the Crypt.
 41181 | Vaults:2 | Received a gift from Trog
 41952 | Vaults:2 | Received a gift from Trog
 42016 | Vaults:2 | Reached XP level 20. HP: 202/202 MP: 20/20
 43336 | Vaults:3 | Received a gift from Trog
 43387 | Vaults:3 | Got a polished hand axe {god gift}
 43388 | Vaults:3 | Identified the +7 hand axe "Nozumm" {elec, Dex+4} (Trog
                  | gifted it to you on level 3 of the Vaults)
 44611 | Vaults:3 | Identified 2 scrolls of acquirement
 44626 | Vaults:3 | Identified a +1 pair of boots of running (You acquired it
                  | on level 3 of the Vaults)
 44628 | Vaults:3 | Got an encrusted plate armour
 44639 | Vaults:3 | Identified the +0 plate armour "Qyul" {*Contam rCorr Int+7}
                  | (You acquired it on level 3 of the Vaults)
 44659 | Vaults:3 | Received a gift from Trog
 44723 | Vaults:3 | Got a pitted battleaxe {god gift}
 44729 | Vaults:3 | Identified the +4 battleaxe "Coidd" {chop, Dex+3} (Trog
                  | gifted it to you on level 3 of the Vaults)
 45400 | Vaults:3 | Reached XP level 21. HP: 194/213 MP: 21/21
 46520 | Vaults:4 | Received a gift from Trog
 46524 | Vaults:4 | Got a brightly glowing lajatang {god gift}
 46525 | Vaults:4 | Identified the +8 lajatang of Spontaneous Combustion
                  | {venom, rC+ Dex+4} (Trog gifted it to you on level 4 of the
                  | Vaults)
 46676 | Vaults:4 | Found Gisez's Gadget Shop.
 47373 | Elf:1    | Got a bound glass ring
 47374 | Elf:1    | Identified the ring of Feijaon {+Blink rPois rF+ rN+ Int+4}
                  | (You found it on level 1 of the Elven Halls)
 47835 | Elf:1    | Received a gift from Trog
 47898 | Elf:1    | Cast into level 3 of the Abyss (a deep elf sorcerer)
 47898 | Abyss:3  | Found a corrupted altar of Lugonu.
 48161 | Elf:1    | Escaped the Abyss
 48736 | Elf:2    | Found Raar's Distillery.
 49067 | Elf:2    | Received a gift from Trog
 49107 | Elf:2    | Found a runed gate.
 49107 | Elf:2    | Found a runed gate.
 49107 | Elf:2    | Found a runed gate.
 49127 | Elf:2    | Reached XP level 22. HP: 226/226 MP: 22/22
 49659 | Elf:3    | Entered Level 3 of the Elven Halls
 49913 | D:11     | Killed Cryolive's ghost
 50377 | Depths:1 | Entered Level 1 of the Depths
 50377 | Depths:1 | Found a gateway to Hell.
 50759 | Depths:1 | Got a dazzling scale mail
 50760 | Depths:1 | Identified the +3 scale mail of Sin {*Slow rN+++ Int+5}
                  | (You found it on level 1 of the Depths)
 51065 | Depths:1 | Received a gift from Trog
 51066 | Depths:1 | Found the +14 obsidian axe {chop, +Fly SInv *Curse}
 51140 | Depths:1 | Found a one-way gate leading to the halls of Pandemonium.
 52594 | Depths:2 | Received a gift from Trog
 52788 | Depths:2 | Found a runed gate.
 52788 | Depths:2 | Found a runed gate.
 52788 | Depths:2 | Found a runed gate.
 52857 | Depths:2 | Reached skill level 27 in Fighting
 53171 | Depths:2 | Reached XP level 23. HP: 240/240 MP: 23/23
 53550 | Depths:2 | Found a runed gate.
 53550 | Depths:2 | Found a runed gate.
 53550 | Depths:2 | Found a runed gate.
 53699 | Depths:3 | Found a gateway to a ziggurat.
 53756 | Depths:3 | Noticed a golden dragon
 54187 | Depths:2 | Killed a golden dragon
 54589 | Depths:3 | Identified the +7 spear "Kautsiu" {flame, rPois rC+ Str+4}
 54769 | Depths:3 | Noticed Jory
 54774 | Depths:3 | Noticed a golden dragon
 55317 | Depths:3 | Found a one-way gate to the infinite horrors of the Abyss.
 55353 | Depths:3 | Killed a golden dragon
 55366 | Depths:3 | Paralysed by a great orb of eyes for 3 turns
 55378 | Depths:3 | Received a gift from Trog
 56068 | Depths:3 | Noticed Sojobo
 56082 | Depths:3 | Killed Sojobo
 56284 | Depths:3 | Killed Jory
 56846 | Depths:4 | Received a gift from Trog
 56870 | Depths:4 | Got a faintly glowing battleaxe {god gift}
 56871 | Depths:4 | Identified the +0 battleaxe "Ezaoniar" {speed, Int+3} (Trog
                  | gifted it to you on level 4 of the Depths)
 56996 | Depths:4 | Reached XP level 24. HP: 194/249 MP: 23/23
 57728 | Depths:4 | Found Cyushra's Slaves and Accessories.
 57782 | Depths:4 | Found The Legendary Xizaepn's Legendary Smithy.
 57972 | Depths:4 | Found Jack's Jerk-a-riffic Jerky.
 58030 | Depths:4 | Found Xitos's Miraculous Elixirs.
 58098 | Depths:4 | Received a gift from Trog
 58191 | Depths:4 | Noticed Saint Roka
 58544 | Depths:4 | Killed Saint Roka
 58818 | Depths:4 | Found an ancient bone altar of Kikubaaqudgha.
 58890 | Depths:5 | Entered Level 5 of the Depths
 59315 | Depths:5 | Found a gate to the Realm of Zot.
 60253 | Depths:5 | Noticed a caustic shrike
 60253 | Depths:5 | Noticed a caustic shrike
 60253 | Depths:5 | Noticed a caustic shrike
 60253 | Depths:5 | Noticed a caustic shrike
 60253 | Depths:5 | Noticed a caustic shrike
 60261 | Depths:5 | Killed a caustic shrike
 60271 | Depths:5 | Killed a caustic shrike
 60277 | Depths:5 | Killed a caustic shrike
 60286 | Depths:5 | Killed a caustic shrike
 60300 | Depths:5 | Killed a caustic shrike
 60904 | Depths:5 | Received a gift from Trog
 60947 | Depths:5 | Noticed a caustic shrike
 60947 | Depths:5 | Noticed a caustic shrike
 60947 | Depths:5 | Noticed a caustic shrike
 60947 | Depths:5 | Noticed a caustic shrike
 60966 | Depths:5 | Killed a caustic shrike
 60968 | Depths:5 | Noticed a caustic shrike
 60975 | Depths:5 | Killed a caustic shrike
 60981 | Depths:5 | Killed a caustic shrike
 61003 | Depths:5 | Killed a caustic shrike
 61003 | Depths:5 | Reached XP level 25. HP: 139/256 MP: 23/23
 61377 | Depths:5 | Found a portal to a secret trove of treasure.
 61911 | Elf:3    | Noticed Roxanne
 62203 | Elf:3    | Identified the +8 chain mail "Utumm" {rC+ Str+2}
 62203 | Elf:3    | Identified the +6 mace of Purpose {crush, Int+4}
 62214 | Elf:3    | Identified the +5 pearl dragon scales "Juevosuq" {rElec rN+
                  | Regen+ Stlth-}
 62214 | Elf:3    | Identified the amulet of the Country {Harm -Tele *Drain
                  | rElec Int+2}
 62280 | Elf:3    | Cast into level 2 of the Abyss (a deep elf demonologist)
 62297 | Abyss:2  | Lost mutation: You are resistant to electric shocks.
                  | (rElec) [potion of mutation]
 62297 | Abyss:2  | Lost mutation: You are partially covered in yellow scales.
                  | (AC +2) [potion of mutation]
 62297 | Abyss:2  | Lost mutation: You are covered in fur. (AC +1) [potion of
                  | mutation]
 62297 | Abyss:2  | Gained mutation: You are resistant to hostile enchantments.
                  | (MR+) [potion of mutation]
 62297 | Abyss:2  | Gained mutation: You are occasionally teleported next to
                  | monsters. [potion of mutation]
 62297 | Abyss:2  | Gained mutation: You have large cloven feet. [potion of
                  | mutation]
 62298 | Abyss:2  | Lost mutation: You have large cloven feet. [potion of
                  | mutation]
 62298 | Abyss:2  | Lost mutation: You are resistant to hostile enchantments.
                  | (MR+) [potion of mutation]
 62298 | Abyss:2  | Lost mutation: You passively map a small area around you.
                  | [potion of mutation]
 62298 | Abyss:2  | Lost mutation: You are occasionally teleported next to
                  | monsters. [potion of mutation]
 62298 | Abyss:2  | Gained mutation: You are dopey. (Int -2) [potion of
                  | mutation]
 62298 | Abyss:2  | Gained mutation: You are partially covered in thin metallic
                  | scales. (AC +2) [potion of mutation]
 62308 | Abyss:2  | Found a corrupted altar of Lugonu.
 62429 | Abyss:2  | Found a sparkling altar of Nemelex Xobeh.
 62815 | Abyss:2  | Reached skill level 27 in Armour
 62926 | Elf:3    | Escaped the Abyss
 62940 | Elf:3    | Identified the +10 morningstar of Fee Simple {elec, rC+ rN+
                  | Str-5 Int+5}
 63325 | Elf:3    | Identified the Compendium of Lucky Enchantment
 63350 | Elf:3    | Got a dazzling arbalest
 63351 | Elf:3    | Identified the cursed +2 arbalest "Ojaowets" {venom, rF+
                  | Str-3 Int+5} (You found it on level 3 of the Elven Halls)
 63365 | Elf:3    | Identified Sif Muna's Collected Works on the Frostbite
 63428 | Elf:3    | Received a gift from Trog
 63772 | Elf:3    | Killed Roxanne
 64050 | Slime:1  | Entered Level 1 of the Pits of Slime
 64077 | Slime:1  | Reached skill level 10 in Dodging
 64599 | Slime:4  | Received a gift from Trog
 64689 | Slime:5  | Entered Level 5 of the Pits of Slime
 64786 | Slime:5  | Noticed the Royal Jelly
 64788 | Slime:5  | Found a viscous altar of Jiyva.
 64804 | Slime:5  | Killed the Royal Jelly
 64839 | Slime:4  | HP: 12/256 [acid blob (15)]
 64839 | Slime:4  | HP: 4/256 [acid[the Royal Jelly] (5)]
 64841 | Slime:4  | Splashed by an acid blob's acid

Vault maps used:
D:1:      kb_arrival_jail
D:2:      kennysheep_big_flooded_room, lemuel_round_altar,
          chequers_temple_overflow_statue_of_worship, grunt_gozag_breadcrumbs
D:3:      dk_yredelemnul_ordeal
D:4:      temple_pool_b, cheibrodos_sewer_entry_bend, serial_shops,
          kennysheep_little_box, shop_scrolls
D:5:      first_ration
D:6:      kennysheep_mini, enter_ossuary_1, minmay_manual_mess
D:7:      uniq_harold, uniq_pikel, uniq_crazy_yiuf_cottage
D:8:      marbit_many_paths
D:9:      lemuel_doored_altar, grunt_livestock
D:10:     lair_entry_dummy, basic_altar, serial_glass, glass_columns_b,
          glass_columns_c, item_on_display_a, item_on_display_a,
          item_on_display_a
D:11:     muffindrake_ghost_dual_entry
D:12:     david_orc_3, xom_redecorated
D:13:     ice2_lemuel
D:14:     david_vaults_2, portal_ice_cave_entry_animals_and_master,
          minmay_strange_pillars, minivault_24, grunt_ministairs_2
D:15:     grunt_enter_depths_snipers, minmay_misc_feat_doors,
          einodemon_barbed_minivault, uniq_louise
Temple:   eino_temple_rhombus
Lair:2:   minmay_swamp_entry_worms, guppyfry_snake_entry_garden, disabler_island
Lair:3:   serial_bayou_shore_a
Lair:4:   nicolae_volcano_entry_batcave, lemuel_fruit_fields
Lair:5:   dpeg_slime_entry_enclosed_altar
Lair:6:   minmay_lair_end_frog_pond, lab_entry_generic, uniq_sonja
Swamp:1:  serial_swamp_ruin, evilmike_swamp_ruin_house_3,
          evilmike_swamp_ruin_rubble_2, evilmike_swamp_ruin_wall
Swamp:2:  hangedman_swamp_pad, infiniplex_staircase_pool, uniq_nikola
Swamp:3:  basic_altar
Swamp:4:  swamp_basic_johnstein
Snake:1:  serial_shops, nicolae_shop_trees, grunt_megastairs_4
Snake:2:  serial_shops, shop
Snake:3:  spider_trap, grunt_ministairs_10
Snake:4:  grunt_snake_rune_serpentine_throne
Slime:3:  cheibrodos_slime_lost_civilization_1
Orc:1:    serial_shops, shop, basic_altar, trog_hazing_becter
Orc:2:    grunt_orc_community_town_hall, grunt_orc_community_big_house_1,
          grunt_orc_community_big_house_1, grunt_orc_community_house_3,
          grunt_orc_community_house_3, grunt_orc_community_house_3,
          grunt_orc_community_house_3, uniq_urug
Elf:1:    minmay_elf_arrival_summoners, minmay_elf_crystal_hexagon,
          nicolae_elf_glass_and_crystal_pillar_1
Elf:2:    serial_shops, shop_statue
Elf:3:    grunt_elf_hall_spiral, uniq_roxanne
Vaults:1: serial_ice_h, v_misc_17, v_rooms_2, hangedman_vaults_hat,
          hangedman_vaults_slice
Vaults:2: st_hourglassy, minmay_crypt_entry_simple_plaza, grunt_vaults_diagonal,
          vaults_mumra_chevron, hangedman_vaults_pinch,
          nicolae_vaults_mini_display_case, v_alt_pattern_5,
          hangedman_vaults_stitches, v_pattern_4, v_misc_27,
          vaults_room_door_ring
Vaults:3: nicolae_vaults_network_quincunx, nicolae_vaults_big_ls,
          nicolae_vaults_triangles, v_rooms_4, v_misc_15,
          nicolae_vaults_little_squares_2, nicolae_vaults_little_squares_3,
          serial_glass
Vaults:4: hangedman_vaults_hard_town_square, hangedman_vaults_snaps,
          nicolae_vaults_network_barrier, nicolae_vaults_little_squares_4,
          nicolae_vaults_alarming, vaults_room_octagon, v_misc_29,
          nicolae_vaults_little_squares_1, vaults_mumra_lcd,
          ontoclasm_vaults_chip, nicolae_vaults_asterisk, serial_shops, shop
Depths:1: rand_demon_pan_entry_3, hell_entry, kennysheep_decorative_pillar,
          minmay_misc_feat_tower, nrook_campfire, minmay_pinched_square
Depths:2: kennysheep_treasure_stockpile, grunt_pan_entry_zigzag,
          roderic_nine_men_s_morris, pf_coc_iceberg
Depths:3: minmay_crescents, enter_ziggurat_f, pan_entry, hell_entry,
          hangedman_abyss_or_decor_passed, abyss_entry_crystal, uniq_jory,
          uniq_sojobo
Depths:4: grated_community_mu, nrook_uturn, grunt_hell_horde,
          marbit_kobold_abyss_entry, uniq_saint_roka
Depths:5: evilmike_zot_entry_argh, minmay_tree_intersection, enter_trove_5,
          pf_vacation_house_of_asmodeus, hangedman_abyss_entry_splay
Abyss:2:  hangedman_shadowy_showcase
Abyss:3:  evilmike_nicolae_abyss_rune_containment_curve
Lab:      labyrinth_mini_lab, lab_statue, labyrinth_skeletal_remains,
          nicolae_lab_big_swirl
Sewer:    sewer_co_tree
Ossuary:  ossuary_due_pyramid
Volcano:  volcano_grotto

Skill      XL: |  1  2  3  4  5  6  7  8  9 10 11 12 13 14 15 16 17 18 19 20 21 22 23 24 25 |
---------------+----------------------------------------------------------------------------+-----
Fighting       | 4 5 6 7 8 9 11 13 14 16 17 19 20 21 22 23 25 27 | 27.0
Axes           | 5 6 7 9 10 12 14 16 17 18 19 20 22 23 24 25 26 | 26.0
Dodging        | 2 3 4 5 6 7 8 11 | 11.2
Armour         | 3 5 7 8 9 11 13 14 15 16 17 18 19 20 21 23 26 27 | 27.0
Shields        | 4 |  4.0

Action                   |  1- 3 |  4- 6 |  7- 9 | 10-12 | 13-15 | 16-18 | 19-21 | 22-24 | 25-27 || total
-------------------------+-------+-------+-------+-------+-------+-------+-------+-------+-------++-------
Melee: Hand axe          |   104 |   326 |   216 |       |   267 |  1231 |  1439 |  1590 |   557 ||  5730
       Whip              |       |       |   369 |       |       |       |       |       |       ||   369
       War axe           |       |       |    81 |   491 |   650 |   134 |       |       |       ||  1356
       Broad axe         |       |       |       |       |   102 |       |       |    63 |    18 ||   183
Invok: Berserk           |       |     4 |    10 |    10 |    26 |    14 |    17 |    22 |     4 ||   107
       Trog's Hand       |       |     2 |     3 |     2 |     7 |     6 |     7 |    17 |    10 ||    54
       Brothers in Arms  |       |       |     1 |     4 |     3 |     4 |     1 |     9 |     1 ||    23
 Abil: Evoke Blink       |       |       |       |       |       |       |     1 |       |       ||     1
       Evoke Flight      |       |       |       |       |       |       |       |     1 |       ||     1
Evoke: Wand              |       |       |       |       |     1 |     1 |       |     2 |       ||     4
       Fan of gales      |       |       |       |       |       |       |       |       |     1 ||     1
  Use: Scroll            |       |       |    18 |     8 |    14 |    14 |     9 |    14 |     4 ||    81
       Potion            |       |       |     1 |       |     7 |     6 |     1 |     6 |     2 ||    23
 Stab: Sleeping          |       |     1 |       |       |       |       |       |       |       ||     1
       Petrified         |       |       |       |       |     6 |       |       |       |       ||     6
       Distracted        |       |       |       |       |       |     3 |     2 |     1 |       ||     6
  Eat: Chunk             |     2 |    13 |    24 |    30 |    46 |    32 |    49 |    47 |    11 ||   254
       Ration            |       |       |     4 |     1 |     6 |     6 |     1 |     6 |     3 ||    27
Armor: Animal skin       |    11 |       |       |       |       |       |       |       |       ||    11
       Leather armour    |    17 |    67 |    30 |       |       |       |       |       |       ||   114
       Chain mail        |       |       |   191 |       |       |       |       |       |       ||   191
       Skin              |       |       |     7 |       |       |       |       |       |       ||     7
       Ring mail         |       |       |     1 |       |       |       |       |       |       ||     1
       Plate armour      |       |       |     2 |   298 |   535 |   796 |   458 |   578 |   133 ||  2800
       Pearl dragon scal |       |       |       |       |       |       |       |       |    50 ||    50
Dodge: Dodged            |    80 |   187 |   259 |   189 |   321 |   505 |   429 |   497 |   215 ||  2682
Block: Buckler           |       |       |       |       |   222 |   589 |   442 |   560 |   220 ||  2033
       Reflection        |       |       |       |       |    22 |    60 |    66 |    64 |    19 ||   231

Table legend:
 A = Non-vault XP
 B = Vault XP
 C = Vault XP percentage of total XP
 D = Non-vault monster count
 E = Vault monster count
 F = Vault count percentage of total count
                 A         B        C        D         E       F
            +---------+---------+-------+---------+---------+-------
      Total |  645343 |  444682 |  40.8 |    1418 |     738 |  34.2
            +---------+---------+-------+---------+---------+-------
        D:1 |      46 |       0 |   0.0 |      24 |       0 |   0.0
        D:2 |      73 |       6 |   7.6 |      21 |       2 |   8.7
        D:3 |      63 |       1 |   1.6 |      26 |       1 |   3.7
        D:4 |     308 |       6 |   1.9 |      18 |       1 |   5.3
        D:5 |     529 |       0 |   0.0 |      23 |       0 |   0.0
        D:6 |     391 |      19 |   4.6 |      11 |       4 |  26.7
        D:7 |    1124 |    1143 |  50.4 |      21 |       3 |  12.5
        D:8 |     876 |       0 |   0.0 |      17 |       0 |   0.0
        D:9 |    3260 |     998 |  23.4 |      43 |       5 |  10.4
       D:10 |    1362 |       0 |   0.0 |      11 |       0 |   0.0
       D:11 |    8950 |    9114 |  50.5 |      42 |      10 |  19.2
       D:12 |    7367 |     211 |   2.8 |      32 |       6 |  15.8
       D:13 |    5380 |    1453 |  21.3 |      30 |      11 |  26.8
       D:14 |   11348 |    6717 |  37.2 |      37 |      18 |  32.7
       D:15 |   13261 |    6881 |  34.2 |      36 |      15 |  29.4
     Lair:1 |    2105 |       0 |   0.0 |       9 |       0 |   0.0
     Lair:2 |    7242 |    1327 |  15.5 |      25 |       6 |  19.4
     Lair:3 |    4512 |       0 |   0.0 |      20 |       0 |   0.0
     Lair:4 |     809 |     594 |  42.3 |       5 |       3 |  37.5
     Lair:5 |   11925 |    2008 |  14.4 |      36 |       5 |  12.2
     Lair:6 |    9628 |   10550 |  52.3 |      34 |      38 |  52.8
    Swamp:1 |    9798 |       0 |   0.0 |      31 |       0 |   0.0
    Swamp:2 |   11611 |    3274 |  22.0 |      19 |       1 |   5.0
    Swamp:3 |   10306 |       0 |   0.0 |      17 |       0 |   0.0
    Swamp:4 |   10929 |   18218 |  62.5 |      27 |      30 |  52.6
    Snake:1 |   14261 |     785 |   5.2 |      30 |       2 |   6.2
    Snake:2 |   20869 |       0 |   0.0 |      42 |       0 |   0.0
    Snake:3 |   21014 |     626 |   2.9 |      39 |       2 |   4.9
    Snake:4 |   19056 |   42987 |  69.3 |      37 |      63 |  63.0
    Slime:1 |    3501 |       0 |   0.0 |      10 |       0 |   0.0
    Slime:2 |    2698 |       0 |   0.0 |       9 |       0 |   0.0
    Slime:3 |    2714 |       0 |   0.0 |       3 |       0 |   0.0
    Slime:4 |    2879 |       0 |   0.0 |      11 |       0 |   0.0
    Slime:5 |    2903 |   17672 |  85.9 |      10 |       4 |  28.6
      Orc:1 |    6019 |      12 |   0.2 |      36 |       6 |  14.3
      Orc:2 |    5843 |    7693 |  56.8 |      52 |      61 |  54.0
      Elf:1 |   22852 |    5576 |  19.6 |      31 |      10 |  24.4
      Elf:2 |   12504 |   22823 |  64.6 |      23 |      29 |  55.8
      Elf:3 |   15289 |   47411 |  75.6 |      25 |      31 |  55.4
   Vaults:1 |   23073 |    5442 |  19.1 |      40 |      16 |  28.6
   Vaults:2 |   29194 |   36069 |  55.3 |      50 |      50 |  50.0
   Vaults:3 |   52541 |   25520 |  32.7 |      67 |      37 |  35.6
   Vaults:4 |   20830 |   25954 |  55.5 |      28 |      35 |  55.6
   Depths:1 |   27798 |   17573 |  38.7 |      37 |      20 |  35.1
   Depths:2 |   25406 |   17355 |  40.6 |      44 |      17 |  27.9
   Depths:3 |   41373 |   33561 |  44.8 |      51 |      15 |  22.7
   Depths:4 |   42156 |   54318 |  56.3 |      41 |      89 |  68.5
   Depths:5 |   75070 |   15200 |  16.8 |      40 |      12 |  23.1
    Abyss:2 |   20137 |       0 |   0.0 |      37 |       0 |   0.0
    Abyss:3 |    2160 |       0 |   0.0 |      10 |       0 |   0.0
        Lab |       0 |    1223 | 100.0 |       0 |       1 | 100.0
      Sewer |       0 |     627 | 100.0 |       0 |      28 | 100.0
    Ossuary |       0 |      74 | 100.0 |       0 |      34 | 100.0
    Volcano |       0 |    3661 | 100.0 |       0 |      17 | 100.0
            +---------+---------+-------+---------+---------+-------
